 Dungeon Crawl Stone Soup version 0.24.0-123-gd5b16e6ec5 (webtiles) character file.

Game seed: 5483033500969105817, levelgen mode: deterministic

252 FishyPogo the Skirmisher (level 5, -7/42 HPs)
             Began as a Demonspawn Monk on Jan 9, 2020.
             Killed from afar by an orc wizard (10 damage)
             ... with a puff of frost
             ... on level 3 of the Dungeon.
             The game lasted 00:10:31 (3968 turns).

FishyPogo the Skirmisher (Demonspawn Monk)          Turns: 3968, Time: 00:10:32

Health: -7/42      AC:  2    Str: 17    XL:     5   Next: 89%
Magic:  5/5        EV: 14    Int: 11    God:
Gold:   126        SH:  0    Dex: 20    Spells: 4/4 levels left

rFire    . . .     SeeInvis .   a - +0 mace
rCold    . . .     Gourm    .   (no shield)
rNeg     . . .     Faith    .   b - +0 robe
rPois    +         Spirit   .   (helmet restricted)
rElec    .         Reflect  .   (no cloak)
rCorr    .         Harm     .   (no gloves)
MR       .....                  (no boots)
Stlth    +++.......             (no amulet)
HPRegen  0.14/turn              k - +4 ring of dexterity
MPRegen  0.09/turn              g - ring of poison resistance (curse)

@: mighty
A: horns 1, nightstalker 1
a: no special abilities


You were on level 3 of the Dungeon.
You were not hungry.

You visited 1 branch of the dungeon, and saw 4 of its levels.

You collected 126 gold pieces.

Inventory:

Hand Weapons
 a - a +0 mace (weapon)
Missiles
 f - 44 stones (quivered)
Armour
 b - a +0 robe (worn)
Jewellery
 d - an uncursed ring of stealth
 g - a cursed ring of poison resistance (right hand)
 i - a +3 ring of evasion
 k - a +4 ring of dexterity (left hand)
Scrolls
 e - a scroll of immolation {unknown}
 h - a scroll of teleportation
 j - a scroll of amnesia {unknown}
Potions
 n - a potion of ambrosia
Comestibles
 c - 6 rations
 m - 2 chunks of flesh


   Skills:
 + Level 3.9 Fighting
 + Level 3.5 Maces & Flails
 * Level 3.2 Armour
 + Level 3.5 Dodging
 - Level 2.0 Stealth


You had 4 spell levels left.
You didn't know any spells.
Your spell library contained the following spells:

 Spells                   Type           Power        Failure   Level  Hunger
 Animate Skeleton         Necr           N/A          34%         1    ##.....


Dungeon Overview and Level Annotations

Branches:
Dungeon (4/15)
 Temple: D:4-7

Altars:
Ashenzari
Cheibriados
Fedhas
Kikubaaqudgha
Qazlal
Sif Muna
Uskayaw
Vehumet

Annotations:
D:3 Terence


Innate Abilities, Weirdness & Mutations

You have a pair of small horns on your head.
You are slightly more attuned to the shadows.


Message History

You hit the orc but do no damage. You headbutt the orc.
The orc is heavily wounded.
The orc barely misses you. The orc closely misses you.
Unknown command.
You closely miss the orc. You headbutt the orc.
You kill the orc!
The orc wizard completely misses you.
Unknown command.
You closely miss the orc wizard. The orc wizard completely misses you.
You closely miss the orc wizard.
The orc wizard points at you and mumbles some strange words.
The puff of flame hits you!
The orc wizard gestures at you while chanting.
The puff of frost hits you!
* * * LOW HITPOINT WARNING * * *
It was a potion of might.
You feel very mighty all of a sudden.
The orc wizard gestures at you while chanting.
The puff of frost hits you!
You die...

#....# #........##...#....##..#
#....#
######.<..##....#.....##.#
#....#
#......#.##.....#......###
#....#
#.......##......#.......#
#....# #.......#.#.#.####..#
#....# #.........#...# #.##
#....# #...........######.#####
#....##########..### #.......#
#.............##@# #.##..#.#
#.............##o######.#.....#
#.............<#>.........##.##
#......................).....#
#..........................###
#..........................#
#..........................#
#.........................##
#.........)^..#.).........#


You could see an orc wizard.

Vanquished Creatures
  A crimson imp (D:2)
  An orc wizard (D:3)
  2 worker ants
  A hound skeleton (D:2)
  3 adders
  2 oozes
  2 worms (D:2)
  2 dart slugs (D:3)
  2 leopard geckos
  5 orcs (D:3)
  9 bats
  2 giant cockroaches (D:1)
  6 goblins
  9 hobgoblins
  7 jackals
  9 kobolds
  2 quokkas
  4 frilled lizards
  9 rats
78 creatures vanquished.

Notes
Turn   | Place    | Note
-------+----------+-------------------------------------------
     0 | D:1      | FishyPogo the Demonspawn Monk began the quest for the Orb.
     0 | D:1      | Reached XP level 1. HP: 18/18 MP: 1/1
   294 | D:1      | Gained mutation: You have a pair of small horns on your
                  | head. [demonic ancestry]
   294 | D:1      | Reached XP level 2. HP: 24/24 MP: 2/2
   335 | D:1      | Reached skill level 1 in Armour
   677 | D:1      | Reached XP level 3. HP: 16/29 MP: 3/3
  1287 | D:2      | Reached XP level 4. HP: 22/35 MP: 4/4
  2734 | D:2      | Gained mutation: You are slightly more attuned to the
                  | shadows. [demonic ancestry]
  2734 | D:2      | Reached XP level 5. HP: 32/41 MP: 5/5
  2890 | D:3      | Noticed Terence
  2929 | D:3      | Found a stormy altar of Qazlal.
  2985 | D:3      | Found a shattered altar of Ashenzari.
  3058 | D:3      | Found an ancient bone altar of Kikubaaqudgha.
  3329 | D:3      | Identified Kikubaaqudgha's Tome of Evil Rites
  3333 | D:3      | Found a radiant altar of Vehumet.
  3333 | D:3      | Found a shimmering blue altar of Sif Muna.
  3362 | D:3      | Found a snail-covered altar of Cheibriados.
  3365 | D:3      | Found a blossoming altar of Fedhas.
  3368 | D:3      | Found a hide-covered altar of Uskayaw.
  3464 | D:3      | HP: 1/42 [orc/+0 mace (7)]
  3519 | D:3      | HP: 1/42 [orc/+0 dagger (2)]
  3968 | D:3      | Killed from afar by an orc wizard

Levels and vault maps discovered:
D:1:      shiori_shiawase, layout_loops_ring, chequers_serial_rivers_small_3
D:2:      layout_rooms, minmay_cupped
D:3:      layout_basic, grunt_temple_overflow_magic_moments,
          lemuel_crystal_altar, nicolae_ashenzari_panopticon,
          grunt_temple_overflow_diamond, uniq_terence
D:4:      minmay_inner_zag, layout_layer_cave, first_ration

Skill      XL: |  1  2  3  4  5 |
---------------+----------------+-----
Stealth        | 2 |  2.0
Armour         | 1 2 3 |  3.2
Maces & Flails | 3 |  3.5
Dodging        | 3 |  3.5
Fighting       | |  3.9

Action                   |  1- 3 |  4- 6 || total
-------------------------+-------+-------++-------
Melee: Mace              |    88 |   180 ||   268
       Headbutt          |     8 |    32 ||    40
Throw: Stone             |     4 |    44 ||    48
  Use: Scroll            |       |     4 ||     4
       Potion            |       |     3 ||     3
 Stab: Sleeping          |     4 |     7 ||    11
       Distracted        |       |     1 ||     1
  Eat: Chunk             |     1 |     9 ||    10
Armor: Robe              |    16 |    25 ||    41
Dodge: Dodged            |    59 |   159 ||   218
